cohdb
Replays
Latest Replays
All Replays
Popular Replays
Top Player Replays
Match Explorer
How It Works
Community
CoH3 Stats
Reddit
Sign in to upload your games and track your stats! →
Sign in with Steam
Match 43421438
Unlisted
Match 43421438
Overview
Messages
Build Orders
End
Kradschützen Motorcycle Team
Panzergrenadier Squad
250 Light Carrier
Construct Light Support Kompanie
Assault Grenadier Squad
Fire Support Elements
Panzerjäger Squad
Veteran Squad Leaders
Selects Armored Support Battlegroup
Selects Superior Fire Drills
Flakvierling Half-track
Combat Half-tracks
Vehicle Survival Package
Grongolock
RandyRhoads101
0
0
Comments
sign in to comment!
No comments posted yet!